 Dungeon Crawl Stone Soup version 0.22-a0-815-gb582571 (webtiles) character file.

23 iamserjio the Digger (level 3, -1/24 HPs)
             Began as a Barachi Earth Elementalist on July 23, 2018.
             Slain by Crazy Yiuf
             ... wielding a +2 quarterstaff of chaos
              (16 damage)
             ... on level 2 of the Dungeon.
             The game lasted 00:03:48 (281 turns).

iamserjio the Digger (Barachi Earth Elementalist)    Turns: 281, Time: 00:03:49

Health: -1/24      AC:  2    Str:  9    XL:     3   Next: 0%
Magic:  0/7        EV: 12    Int: 16    God:
Gold:   0          SH:  0    Dex: 12    Spells: 3/7 levels left

rFire    . . .     SeeInvis .   f - +0 short sword
rCold    . . .     Gourm    .   (no shield)
rNeg     . . .     Faith    .   c - +0 robe
rPois    .         Spirit   .   (no helmet)
rElec    .         Reflect  .   (no cloak)
rCorr    .         Harm     .   (no gloves)
MR       .....                  (no boots)
Stlth    ++........             (no amulet)
HPRegen  0.08/turn              (no ring)
MPRegen  0.10/turn              (no ring)

@: very slightly contaminated, slow
A: +LOS, swims, slowness 1, strong legs 1
a: Hop


You were on level 2 of the Dungeon.
You were not hungry.

You visited 1 branch of the dungeon, and saw 2 of its levels.

Inventory:

Hand Weapons
 e - a +0 dagger
 f - a +0 short sword (weapon)
 g - a +1 antimagic spear
Missiles
 b - 26 stones (quivered)
 i - 8 curare-tipped needles {!f}
Armour
 c - a +0 robe (worn)
Scrolls
 a - a scroll of enchant armour {unknown}
 h - a scroll of remove curse {unknown}
Comestibles
 d - 2 rations


   Skills:
 - Level 2.1 Dodging
 - Level 1.7 Stealth
 + Level 2.7 Spellcasting
 * Level 0.0 Conjurations
   Level 1.1 Transmutations
 * Level 3.7 Earth Magic


You had 3 spell levels left.
You knew the following spells:

 Your Spells              Type           Power        Failure   Level  Hunger
a - Sandblast             Erth           ##....       4%          1    #......
b - Stone Arrow           Conj/Erth      #.....       26%         3    ###....

Your spell library contained the following spells:

 Spells                   Type           Power        Failure   Level  Hunger
 Passwall                 Tmut/Erth      #.......     11%         2    ##.....
 Lee's Rapid Deconstruct  Erth           ##........   75%         5    ######.
 Petrify                  Tmut/Erth      #.......     56%         4    #####..


Dungeon Overview and Level Annotations

Branches:
Dungeon (2/15)

Altars:

Annotations:
D:2 Crazy Yiuf


Innate Abilities, Weirdness & Mutations

Shadows flee at your approach. (+LOS)
You can swim through water.
You cover ground slowly.
You can hop short distances.


Message History

Crazy Yiuf is moderately wounded.
b - 27 stones Crazy Yiuf closely misses you.
Casting: Sandblast (safe; 4% risk of failure)
Confirm with . or Enter, or press ? or * to list all spells.
Aiming: Sandblast (safe; 4% risk of failure)
Press: ? - help, Shift-Dir - straight line, f/p - Crazy Yiuf
Aim: Crazy Yiuf, wielding a quarterstaff of chaos and wearing an embroidered cloak (moderately wounded)
The blast of sand hits Crazy Yiuf.
Crazy Yiuf is severely wounded.
b - 26 stones Crazy Yiuf barely misses you.
You closely miss Crazy Yiuf.
Crazy Yiuf is severely wounded.
Crazy Yiuf barely misses you.
You hit Crazy Yiuf but do no damage.
Crazy Yiuf is severely wounded.
Crazy Yiuf hits you with a quarterstaff of chaos!
Ouch! That really hurt!
You die...

#.#####..##
#....#
♣PP.P♣
♣.P.♣♣
♣♣.♣♣ ♣.♣♣
♣♣.♣ ♣.♣♣
♣♣@♣ #g#
... #...#
#.()# #####


You could see Crazy Yiuf.

Vanquished Creatures
  2 dart slugs (D:1)
  A leopard gecko (D:1)
  A giant cockroach (D:1)
  5 goblins (D:1)
  A kobold (D:1)
  3 bats (D:1)
  4 frilled lizards (D:1)
  2 rats (D:1)
19 creatures vanquished.

Notes
Turn   | Place    | Note
-------+----------+-------------------------------------------
     0 | D:1      | iamserjio the Barachi Earth Elementalist began the quest for the Orb.
     0 | D:1      | Reached XP level 1. HP: 13/13 MP: 3/3
    54 | D:1      | Reached XP level 2. HP: 16/19 MP: 0/5
   189 | D:1      | Reached XP level 3. HP: 18/24 MP: 0/7
   258 | D:2      | Learned a level 3 spell: Stone Arrow
   268 | D:2      | Found a runed door.
   272 | D:2      | Noticed Crazy Yiuf
   281 | D:2      | Slain by Crazy Yiuf

Vault maps used:
D:1:      dpeg_arrival_shrine, minmay_vboxes
D:2:      minivault_11, grunt_decor_arrowhead, st_stairs_4, minivault_4,
          serial_bayou_pond_b, nicolae_dithmenos_shadow_blocks,
          uniq_crazy_yiuf_cottage, uniq_robin

Action                   || total
-------------------------++-------
Melee: Unarmed           ||    33
       Dagger            ||     7
       Short sword       ||     2
Throw: Stone             ||     1
 Cast: Sandblast         ||    24
 Stab: Sleeping          ||     1
Armor: Robe              ||     8
Dodge: Dodged            ||    39

Table legend:
 A = Spawn XP
 B = Non-spawn XP
 C = Spawn XP percentage of total XP
 D = Spawn monster count
 E = Non-spawn monster count
 F = Spawn count percentage of total count
 G = Total turns spent on level
                    A         B        C        D         E        F      G
               +---------+---------+-------+---------+---------+-------+---------
         Total |       0 |      34 |   0.0 |       0 |      19 |   0.0 |   281
               +---------+---------+-------+---------+---------+-------+---------
           D:1 |       0 |      34 |   0.0 |       0 |      19 |   0.0 |   236
               +---------+---------+-------+---------+---------+-------+---------
